PAA
MERCER ISLAND SCREAMING EAGLES @ NORTHVILLE ECLIPSE
07/29/2028
 
TOP OF THE 1ST
Mercer Island Screaming Eagles batting - Pitching for Northville Eclipse : LHP Xavier Padilla
Pitching: LHP Xavier Padilla
Batting: RHB Raúl Chávez 0-0: Ball
1-0: Ball
2-0: Called Strike
2-1: Ball
3-1: Base on Balls
Batting: RHB António Ramírez 0-0: Ball
1-0: Ball
2-0: Foul Ball, location: 2F
2-1: Fielders Choice at 2nd, 6-4 (Groundball, 56D)
Batting: RHB Bastiaan Trommel 0-0: Ball
António Ramírez is caught stealing 2nd base
1-0: Ball
2-0: Ball
3-0: Called Strike
3-1: Base on Balls
Batting: RHB Marcos Reyes 0-0: Ball
1-0: Fly out, F4 (Popup, 34D)
Top of the 1st over - 0 run(s), 0 hit(s), 0 error(s), 1 left on base; Mercer Island 0 - Northville 0
BOTTOM OF THE 1ST
Northville Eclipse batting - Pitching for Mercer Island Screaming Eagles : RHP Esteban Miroz
Pitching: RHP Esteban Miroz
Batting: RHB Alfonso Grappasonni 0-0: Called Strike
0-1: Ball
1-1: Ball
2-1: Foul Ball, location: 2F
2-2: DOUBLE (Line Drive, 7LM)
Batting: LHB Darrell Woodmansee 0-0: Ball
1-0: Called Strike
1-1: Ball
Wild Pitch!
Alfonso Grappasonni to third
2-1: Ball
3-1: Foul Ball, location: 2F
3-2: Foul Ball, location: 2F
3-2: Base on Balls
Batting: LHB Koen van den Bogaert 0-0: Foul Ball, location: 2F
0-1: Fly out, F8 (Flyball, 89D)
Runner from 3rd tags up, SCORES, no throw
Batting: RHB Cosmo Bjorkenheim 0-0: Fly out, F7 (Line Drive, 78M)
Batting: RHB Luis Guerrero 0-0: SINGLE (Groundball, 56D)
Darrell Woodmansee to second
Batting: RHB Ghislain Vespucci 0-0: Foul Ball, location: 2F
0-1: Fly out, F8 (Flyball, 8LD)
Bottom of the 1st over - 1 run(s), 2 hit(s), 0 error(s), 2 left on base; Mercer Island 0 - Northville 1
TOP OF THE 2ND
Mercer Island Screaming Eagles batting - Pitching for Northville Eclipse : LHP Xavier Padilla
Batting: RHB Martinus Xhaka 0-0: Fly out, F7 (Flyball, 78D)
Batting: RHB Francisco Agámez 0-0: Called Strike
0-1: Ball
1-1: Ball
2-1: Ball
3-1: Ground out 6-3 (Groundball, 6)
Batting: RHB Leonardo Ramírez 0-0: Ball
1-0: Ground out 6-3 (Groundball, 56)
Top of the 2nd over - 0 run(s), 0 hit(s), 0 error(s), 0 left on base; Mercer Island 0 - Northville 1
BOTTOM OF THE 2ND
Northville Eclipse batting - Pitching for Mercer Island Screaming Eagles : RHP Esteban Miroz
Batting: RHB Dave Shaw 0-0: Ball
1-0: Called Strike
1-1: Ball
2-1: Fly out, F7 (Flyball, 7S)
Batting: RHB John Townsend 0-0: Called Strike
0-1: Ball
1-1: Ball
2-1: Foul Ball, location: 2F
2-2: Fly out, F8 (Flyball, 8RM)
Batting: LHB Octávio Ontiveros 0-0: Ball
1-0: Ball
2-0: Swinging Strike
2-1: DOUBLE (Line Drive, 78D)
Batting: RHB Alfonso Grappasonni 0-0: Foul Ball, location: 2F
0-1: Ground out 6-3 (Groundball, 6)
Bottom of the 2nd over - 0 run(s), 1 hit(s), 0 error(s), 1 left on base; Mercer Island 0 - Northville 1
TOP OF THE 3RD
Mercer Island Screaming Eagles batting - Pitching for Northville Eclipse : LHP Xavier Padilla
Batting: RHB Tony Justice 0-0: Ball
1-0: Called Strike
1-1: Swinging Strike
1-2: Ball
2-2: Ball
3-2: Ground out 4-3 (Groundball, 4M)
Batting: LHB Mike Russell 0-0: Called Strike
0-1: Ball
1-1: Called Strike
1-2: Ground out 4-3 (Groundball, 4M)
Batting: RHB Raúl Chávez 0-0: SINGLE (Line Drive, 6MD)
Batting: RHB António Ramírez 0-0: Ball
Raúl Chávez steals 2nd base
1-0: Ground out 5-3 (Groundball, 5L)
Top of the 3rd over - 0 run(s), 1 hit(s), 0 error(s), 1 left on base; Mercer Island 0 - Northville 1
BOTTOM OF THE 3RD
Northville Eclipse batting - Pitching for Mercer Island Screaming Eagles : RHP Esteban Miroz
Batting: LHB Darrell Woodmansee 0-0: Ball
1-0: Foul Ball, location: 2F
1-1: Swinging Strike
1-2: Foul Ball, location: 2F
1-2: Strikes out swinging
Batting: LHB Koen van den Bogaert 0-0: Swinging Strike
0-1: Fly out, F3 (Line Drive, 34)
Batting: RHB Cosmo Bjorkenheim 0-0: Called Strike
0-1: SINGLE (Line Drive, 89M)
Batting: RHB Luis Guerrero 0-0: Ball
1-0: Foul Ball, location: 2F
1-1: Ball
2-1: Fly out, F8 (Flyball, 78D)
Bottom of the 3rd over - 0 run(s), 1 hit(s), 0 error(s), 1 left on base; Mercer Island 0 - Northville 1
TOP OF THE 4TH
Mercer Island Screaming Eagles batting - Pitching for Northville Eclipse : LHP Xavier Padilla
Batting: RHB Bastiaan Trommel 0-0: TRIPLE (Line Drive, 9LS)
Batting: RHB Marcos Reyes 0-0: SINGLE (Flyball, 78S)
Bastiaan Trommel scores
Batting: RHB Martinus Xhaka 0-0: Ball
1-0: Called Strike
1-1: Grounds into double play, 6-4-3 (Groundball, 6)
Batting: RHB Francisco Agámez 0-0: Ball
1-0: Swinging Strike
1-1: Called Strike
1-2: Ball
2-2: Ground out 4-3 (Groundball, 4)
Top of the 4th over - 1 run(s), 2 hit(s), 0 error(s), 0 left on base; Mercer Island 1 - Northville 1
BOTTOM OF THE 4TH
Northville Eclipse batting - Pitching for Mercer Island Screaming Eagles : RHP Esteban Miroz
Batting: RHB Ghislain Vespucci 0-0: Fly out, F6 (Line Drive, 6M)
Batting: RHB Dave Shaw 0-0: Ball
1-0: Ball
2-0: Ball
3-0: Called Strike
3-1: Base on Balls
Batting: RHB John Townsend 0-0: Called Strike
Dave Shaw is caught stealing 2nd base
0-1: Foul Ball, location: 2F
0-2: Fly out, F9 (Flyball, 89S)
Bottom of the 4th over - 0 run(s), 0 hit(s), 0 error(s), 0 left on base; Mercer Island 1 - Northville 1
TOP OF THE 5TH
Mercer Island Screaming Eagles batting - Pitching for Northville Eclipse : LHP Xavier Padilla
Batting: RHB Leonardo Ramírez 0-0: Swinging Strike
0-1: Ball
1-1: Foul Ball, location: 2F
1-2: DOUBLE (Line Drive, 7D)
Batting: RHB Tony Justice 0-0: Fly out, F8 (Flyball, 8LM)
Batting: LHB Mike Russell 0-0: Ball
1-0: SINGLE (Groundball, 4MD)
Leonardo Ramírez to third
Runner from 3rd tries for Home, SAFE, throw made home
Mike Russell to second
Batting: RHB Raúl Chávez 0-0: Foul Ball, location: 2F
0-1: Foul Ball, location: 2F
0-2: Ball
1-2: Ball
2-2: Strikes out swinging
Batting: RHB António Ramírez 0-0: Ball
1-0: Ground out 4-3 (Groundball, 4S)
Top of the 5th over - 1 run(s), 2 hit(s), 0 error(s), 1 left on base; Mercer Island 2 - Northville 1
BOTTOM OF THE 5TH
Northville Eclipse batting - Pitching for Mercer Island Screaming Eagles : RHP Esteban Miroz
Batting: LHB Octávio Ontiveros 0-0: Ball
1-0: Swinging Strike
1-1: Foul Ball, location: 2F
1-2: Ball
2-2: Ground out 4-3 (Groundball, 4)
Batting: RHB Alfonso Grappasonni 0-0: Called Strike
0-1: Swinging Strike
0-2: Ball
1-2: Ball
2-2: Strikes out swinging
Batting: LHB Darrell Woodmansee 0-0: Ball
1-0: Called Strike
1-1: Foul Ball, location: 2F
1-2: Ball
2-2: Foul Ball, location: 2F
2-2: Foul Ball, location: 2F
2-2: Foul Ball, location: 2F
2-2: Ball
3-2: Base on Balls
Batting: LHB Koen van den Bogaert 0-0: Ball
Darrell Woodmansee is caught stealing 2nd base
Bottom of the 5th over - 0 run(s), 0 hit(s), 0 error(s), 0 left on base; Mercer Island 2 - Northville 1
TOP OF THE 6TH
Mercer Island Screaming Eagles batting - Pitching for Northville Eclipse : LHP Xavier Padilla
Now at 2B: Dan Hart
Batting: RHB Bastiaan Trommel 0-0: Ball
1-0: Swinging Strike
1-1: Ball
2-1: Called Strike
2-2: Strikes out looking
Batting: RHB Marcos Reyes 0-0: Called Strike
0-1: Ball
1-1: Ball
2-1: Called Strike
2-2: Ball
3-2: Base on Balls
Batting: RHB Martinus Xhaka 0-0: SINGLE (Line Drive, 78M)
Marcos Reyes to second
Batting: RHB Francisco Agámez 0-0: Ball
1-0: Called Strike
1-1: Swinging Strike
1-2: Strikes out swinging
Batting: RHB Leonardo Ramírez 0-0: Foul Ball, location: 2F
0-1: Swinging Strike
0-2: Ball
1-2: Foul Ball, location: 2F
1-2: Ground out 1-3 (Groundball, 13)
Top of the 6th over - 0 run(s), 1 hit(s), 0 error(s), 2 left on base; Mercer Island 2 - Northville 1
BOTTOM OF THE 6TH
Northville Eclipse batting - Pitching for Mercer Island Screaming Eagles : RHP Esteban Miroz
Batting: LHB Koen van den Bogaert 0-0: Ball
1-0: Fly out, F2 (Popup, 34S)
Batting: RHB Cosmo Bjorkenheim 0-0: Ball
1-0: Ball
2-0: Called Strike
2-1: Ground out 6-3 (Groundball, 6)
Batting: RHB Luis Guerrero 0-0: Called Strike
0-1: Called Strike
0-2: Ball
1-2: Strikes out swinging
Bottom of the 6th over - 0 run(s), 0 hit(s), 0 error(s), 0 left on base; Mercer Island 2 - Northville 1
TOP OF THE 7TH
Mercer Island Screaming Eagles batting - Pitching for Northville Eclipse : LHP Xavier Padilla
Batting: RHB Tony Justice 0-0: Ball
1-0: Called Strike
1-1: Ball
2-1: DOUBLE (Line Drive, 78D)
Batting: LHB Mike Russell 0-0: Sac Bunt - play at first, batter OUT! 3-4
Tony Justice to third
Batting: RHB Raúl Chávez 0-0: Ball
1-0: Foul Ball, location: 2F
1-1: Swinging Strike
1-2: Ball
2-2: Strikes out swinging
Batting: RHB António Ramírez 0-0: Called Strike
0-1: Ball
1-1: Ball
2-1: Foul Ball, location: 2F
2-2: Foul Ball, location: 2F
2-2: Ball
3-2: Base on Balls
Batting: RHB Bastiaan Trommel 0-0: Called Strike
0-1: Called Strike
0-2: Foul Ball, location: 2F
0-2: SINGLE (Flyball, 9LM)
Tony Justice scores
António Ramírez to second
Runner from 2nd tries for 3rd, SAFE, no throw
Batting: RHB Marcos Reyes 0-0: Called Strike
Balk!
António Ramírez scores
Bastiaan Trommel to second
0-1: Fly out, F7 (Flyball, 7LS)
Top of the 7th over - 2 run(s), 2 hit(s), 0 error(s), 1 left on base; Mercer Island 4 - Northville 1
BOTTOM OF THE 7TH
Northville Eclipse batting - Pitching for Mercer Island Screaming Eagles : RHP Esteban Miroz
Batting: RHB Dan Hart 0-0: Ball
1-0: Fly out, F8 (Flyball, 78S)
Batting: RHB Dave Shaw 0-0: Called Strike
0-1: Swinging Strike
0-2: Fly out, F9 (Flyball, 89M)
Batting: RHB John Townsend 0-0: Called Strike
0-1: Foul Ball, location: 2F
0-2: Foul Ball, location: 2F
0-2: Fly out, F9 (Flyball, 89M)
Bottom of the 7th over - 0 run(s), 0 hit(s), 0 error(s), 0 left on base; Mercer Island 4 - Northville 1
TOP OF THE 8TH
Mercer Island Screaming Eagles batting - Pitching for Northville Eclipse : LHP Xavier Padilla
Batting: RHB Martinus Xhaka 0-0: Ball
1-0: Ball
2-0: SINGLE (Line Drive, 6MD)
Batting: RHB Francisco Agámez 0-0: Ball
1-0: Swinging Strike
1-1: Foul Ball, location: 2F
1-2: Strikes out looking
Pitching: RHP Kyle MacRae
Batting: RHB Leonardo Ramírez 0-0: Foul Ball, location: 2F
0-1: Swinging Strike
0-2: Ball
1-2: Ground out 4-3 (Groundball, 4MS)
Martinus Xhaka to second
Batting: RHB Tony Justice 0-0: Ball
1-0: Ball
2-0: Ball
3-0: Called Strike
3-1: Base on Balls
Batting: LHB Mike Russell 0-0: DOUBLE (Flyball, 8LXD)
Martinus Xhaka scores
Tony Justice to third
Runner from 3rd tries for Home, SAFE, no throw
Batting: RHB Raúl Chávez 0-0: Called Strike
0-1: Foul Ball, location: 2F
0-2: Ball
1-2: Ball
2-2: Ground out 5-3 (Groundball, 56)
Top of the 8th over - 2 run(s), 2 hit(s), 0 error(s), 1 left on base; Mercer Island 6 - Northville 1
BOTTOM OF THE 8TH
Northville Eclipse batting - Pitching for Mercer Island Screaming Eagles : RHP Esteban Miroz
Batting: LHB Octávio Ontiveros 0-0: Called Strike
0-1: Called Strike
0-2: Ball
1-2: Foul Ball, location: 2F
1-2: Ball
2-2: Foul Ball, location: 2F
2-2: Ball
3-2: Strikes out swinging
Batting: RHB Alfonso Grappasonni 0-0: Called Strike
0-1: Called Strike
0-2: Ball
1-2: Strikes out swinging
Batting: LHB Darrell Woodmansee 0-0: Called Strike
0-1: Called Strike
0-2: Ball
1-2: Foul Ball, location: 2F
1-2: Ball
2-2: Ball
3-2: Foul Ball, location: 2F
3-2: Foul Ball, location: 2F
3-2: Base on Balls
Batting: LHB Koen van den Bogaert 0-0: Ball
1-0: Swinging Strike
1-1: Ball
2-1: Swinging Strike
2-2: Ball
3-2: Ground out U3 (Groundball, 3)
Bottom of the 8th over - 0 run(s), 0 hit(s), 0 error(s), 1 left on base; Mercer Island 6 - Northville 1
TOP OF THE 9TH
Mercer Island Screaming Eagles batting - Pitching for Northville Eclipse : RHP Kyle MacRae
Batting: RHB António Ramírez 0-0: Foul Ball, location: 2F
0-1: Fly out, F3 (Flyball, 3DF)
Batting: RHB Bastiaan Trommel 0-0: Ball
1-0: Foul Ball, location: 2F
1-1: Foul Ball, location: 2F
1-2: Strikes out swinging
Batting: RHB Marcos Reyes 0-0: Called Strike
0-1: Ball
1-1: Ball
2-1: Foul Ball, location: 2F
2-2: Ball
3-2: SINGLE (Flyball, 8LS)
Batting: RHB Martinus Xhaka 0-0: Swinging Strike
0-1: Swinging Strike
0-2: Ball
1-2: Ball
2-2: Ball
3-2: Base on Balls
Marcos Reyes to second
Batting: RHB Francisco Agámez 0-0: Ball
1-0: Fly out, F7 (Flyball, 7)
Top of the 9th over - 0 run(s), 1 hit(s), 0 error(s), 2 left on base; Mercer Island 6 - Northville 1
BOTTOM OF THE 9TH
Northville Eclipse batting - Pitching for Mercer Island Screaming Eagles : RHP Esteban Miroz
Pitching: RHP Armando Garay
Batting: RHB Cosmo Bjorkenheim 0-0: Ball
1-0: Ball
2-0: Called Strike
2-1: Foul Ball, location: 2F
2-2: Foul Ball, location: 2F
2-2: SINGLE (Flyball, 89S)
Batting: RHB Luis Guerrero 0-0: Called Strike
0-1: Ball
1-1: Foul Ball, location: 2F
1-2: Foul Ball, location: 2F
1-2: Ball
2-2: Fly out, F9 (Flyball, 89D)
Batting: RHB Dan Hart 0-0: Ball
1-0: Grounds into double play, 6-4-3 (Groundball, 6)
Bottom of the 9th over - 0 run(s), 1 hit(s), 0 error(s), 0 left on base; Mercer Island 6 - Northville 1
Monday, August 21st, 2017 - OOTP Baseball 17.12 Build 75